 Dungeon Crawl Stone Soup version 0.23-a0-78-gc252fe1 (webtiles) character file.

18004 tsouns the Thaumaturge (level 12, 0/51 HPs)
             Began as a Spriggan Fire Elementalist on Aug 10, 2018.
             Was an Elder of Vehumet.
             Slain by a spiny frog (16 damage)
             ... on level 1 of the Lair of Beasts.
             The game lasted 01:04:17 (15275 turns).

tsouns the Thaumaturge (SpFE)                      Turns: 15275, Time: 01:04:18

Health: 0/51       AC:  5    Str:  4    XL:     12   Next: 23%
Magic:  4/31       EV: 18    Int: 21    God:    Vehumet [****..]
Gold:   1170       SH:  0    Dex: 17    Spells: 18/39 levels left

rFire    . . .     SeeInvis +   w - +0 dagger (venom)
rCold    + . .     Gourm    .   (shield restricted)
rNeg     . . .     Faith    .   a - +0 robe
rPois    .         Spirit   .   (helmet restricted)
rElec    .         Reflect  .   o - +2 cloak
rCorr    +         Harm     .   (gloves unavailable)
MR       ++...                  (boots unavailable)
Stlth    ++........             (no amulet)
HPRegen  0.17/turn              p - ring of resist corrosion
MPRegen  0.22/turn              e - ring of protection from cold

@: lethally poisoned (0 -> -10), very quick
A: very small, unfitting armour, see invisible, herbivore, speed 3, slow
metabolism 2
a: Renounce Religion


You were on level 1 of the Lair of Beasts.
You worshipped Vehumet.
Vehumet was greatly pleased with you.
You were not hungry.

You visited 2 branches of the dungeon, and saw 13 of its levels.
You also visited: Sewer and Bailey.

You collected 1170 gold pieces.

Inventory:

Hand Weapons
 h - a +3 whip of venom
 w - a +0 dagger of venom (weapon)
Missiles
 b - 406 stones (quivered)
 r - 2 throwing nets
Armour
 a - a +0 robe (worn)
 o - a +2 cloak (worn)
 v - a +2 buckler
Jewellery
 e - a ring of protection from cold (right hand)
 p - a ring of resist corrosion (left hand)
 s - an uncursed ring of positive energy
Wands
 l - a wand of flame (19)
 t - a wand of random effects (9)
Scrolls
 i - 8 scrolls of teleportation
 k - 5 scrolls of remove curse
 m - 3 scrolls of identify
 q - 3 scrolls of fog
 x - 2 scrolls of enchant weapon
 y - 7 scrolls of amnesia
 E - 2 scrolls of immolation
Potions
 d - a potion of lignification
 f - 3 potions of curing
 g - a potion of agility
 j - 2 potions of mutation
 n - 3 potions of flight
 u - 5 potions of brilliance
 z - a potion of haste
 A - a potion of resistance
 B - 2 potions of might
 C - a potion of heal wounds
 D - a potion of ambrosia
 F - a potion of berserk rage
Comestibles
 c - 12 rations


   Skills:
 - Level 3.0 Dodging
 - Level 3.0 Stealth
 - Level 5.0 Shields
 + Level 14.0 Spellcasting
 - Level 6.3 Conjurations
 - Level 6.6 Hexes
 - Level 6.2 Summonings
 - Level 7.4 Fire Magic


You had 18 spell levels left.
You knew the following spells:

 Your Spells              Type           Power        Failure   Level  Hunger
a - Flame Tongue          Conj/Fire      #####        1%          1    None
b - Throw Flame           Conj/Fire      #####.       1%          2    None
c - Conjure Flame         Conj/Fire      #####...     1%          3    None
d - Sticky Flame          Conj/Fire      #####...     1%          4    None
e - Summon Small Mammal   Summ           ####         1%          1    None
f - Fireball              Conj/Fire      #####.....   1%          5    ###....
g - Summon Mana Viper     Hex/Summ       #####...     9%          5    ###....

Your spell library contained the following spells:

 Spells                   Type           Power        Failure   Level  Hunger
 Apportation              Tloc           ##....       4%          1    None
 Animate Skeleton         Necr           N/A          4%          1    None
 Summon Demon             Summ           #####.....   10%         5    ###....
 Stone Arrow              Conj/Erth      ####..       1%          3    None
 Recall                   Summ/Tloc      N/A          3%          3    None
 Spider Form              Tmut/Pois      ##........   13%         3    None
 Blade Hands              Tmut           ##........   75%         5    ###....
 Ice Form                 Ice/Tmut       ##......     38%         4    None
 Shadow Creatures         Summ           N/A          45%         6    #####..
 Confusing Touch          Hex            #####.       1%          1    None
 Passwall                 Tmut/Erth      ##......     6%          2    None
 Sticks to Snakes         Tmut           ##......     6%          2    None
 Lee's Rapid Deconstruct  Erth           ##........   28%         5    ###....
 Sandblast                Erth           ##....       1%          1    None
 Petrify                  Tmut/Erth      ##......     38%         4    None
 Inner Flame              Hex/Fire       #####...     1%          3    None
 Aura of Abjuration       Summ           #####.....   10%         5    ###....
 Beastly Appendage        Tmut           ##....       4%          1    None
 Summon Forest            Summ/Tloc      ####......   32%         5    ###....


Dungeon Overview and Level Annotations

Branches:
Dungeon (12/15)            Temple (0/1) D:7            Lair (1/6) D:10
    Orc (0/2) D:10

Altars:
Ashenzari
Cheibriados
Dithmenos
Elyvilon
Hepliaklqana
Okawaru
Qazlal
Vehumet
Wu Jian
Yredelemnul
The Shining One

Shops:
D:6 [

Annotations:
D:8 2 transporters


Innate Abilities, Weirdness & Mutations

You are very small and have problems with some larger weapons.
You are too small for most types of armour.
You have supernaturally acute eyesight. (SInv)
You are a herbivore.
You cover ground extremely quickly.
You need to consume almost no food.


Message History

You feel sick.
You feel sick.
The spiny frog burns!
You feel sick.
Casting: Sticky Flame (safe; 1% risk of failure)
Confirm with . or Enter, or press ? or * to list all spells.
Aiming: Flame Tongue (safe; 1% risk of failure)
Press: ? - help, Shift-Dir - straight line, f/p - spiny frog
Aim: a spiny frog (heavily wounded, covered in liquid flames)
The flame tongue hits the spiny frog.
The spiny frog is heavily wounded.
You feel sick.
The spiny frog burns!
Casting: Flame Tongue (safe; 1% risk of failure)
Confirm with . or Enter, or press ? or * to list all spells.
Aiming: Flame Tongue (safe; 1% risk of failure)
Press: ? - help, Shift-Dir - straight line, f/p - spiny frog
Aim: a spiny frog (heavily wounded, covered in liquid flames)
The flame tongue hits the spiny frog.
The spiny frog is severely wounded.
You feel sick.
The spiny frog burns!
The spiny frog stings you!
You die...

..... #..... ......
#...... ##.......
#........
#####††......
##.#..........
###@F...........
####....#######....
####....#### #..
#####....#.## .
###.....#.####
.......##.##
#.........###
##...........#
#............#


You could see a spiny frog (burning).

Vanquished Creatures
  Harold (D:7)
  5 death yaks (D:10)
  3 two-headed ogres
  4 orc knights (Bailey)
  An ugly thing (D:11)
  A spiny frog (Lair:1)
  A troll (D:12)
  Prince Ribbit (D:6)
  6 hippogriffs
  A yak (D:11)
  Grum (D:8)
  2 hungry ghosts
  Menkaure (D:5)
  3 water moccasins
  13 orc warriors
  7 sky beasts
  4 ice beasts
  4 ogres
  2 phantoms
  3 wolves
  A necrophage (D:8)
  3 centaurs
  4 crocodiles
  A big kobold (D:9)
  8 bullfrogs
  A wyvern skeleton (D:6)
  5 scorpions
  A water moccasin skeleton (D:8)
  3 wights (D:12)
  11 killer bees
  A howler monkey (D:5)
  A centaur zombie (D:6)
  3 crimson imps
  A quasit (D:8)
  A bullfrog skeleton (D:4)
  A hound (D:10)
  A centaur skeleton (D:7)
  3 jellies
  3 orc priests
  An iron imp (D:6)
  3 iguanas
  4 orc wizards
  7 worker ants
  A hound skeleton (D:7)
  13 adders
  3 gnolls (D:4)
  3 shadow imps
  7 oozes
  3 adder skeletons
  5 worms
  A dart slug (D:1)
  6 leopard geckos
  52 orcs
  12 giant cockroaches
  10 goblins
  6 hobgoblins
  15 jackals
  8 kobolds
  4 quokkas
  A ball python (Sewer)
  15 bats
  4 frilled lizards
  2 leopard gecko skeletons
  2 leopard gecko zombies (D:6)
  8 rats
313 creatures vanquished.

Vanquished Creatures (collateral kills)
  A death yak (D:10)
  An ugly thing (D:11)
  A troll (D:10)
  2 hippogriffs
  2 yaks (D:11)
  2 crimson imps (D:11)
  An adder (D:11)
  A jackal (D:11)
11 creatures vanquished.

Grand Total: 324 creatures vanquished

Notes
Turn   | Place    | Note
-------+----------+-------------------------------------------
     0 | D:1      | tsouns the Spriggan Fire Elementalist began the quest for the Orb.
     0 | D:1      | Reached XP level 1. HP: 9/9 MP: 5/5
   150 | D:1      | Reached skill level 3 in Spellcasting
   150 | D:1      | Reached skill level 1 in Conjurations
   166 | D:1      | Reached XP level 2. HP: 9/13 MP: 0/7
   594 | D:1      | Learned a level 2 spell: Throw Flame
   899 | D:2      | Found a hazy altar of Hepliaklqana.
  1020 | D:2      | Reached XP level 3. HP: 15/16 MP: 0/8
  1280 | D:1      | Learned a level 3 spell: Conjure Flame
  1525 | D:2      | Reached XP level 4. HP: 17/21 MP: 2/10
  1585 | D:2      | Learned a level 4 spell: Sticky Flame
  1836 | D:3      | Noticed a bullfrog
  1920 | D:3      | Killed a bullfrog
  1920 | D:3      | Reached skill level 1 in Shields
  1920 | D:3      | Reached skill level 4 in Spellcasting
  1920 | D:3      | Reached XP level 5. HP: 19/24 MP: 2/12
  2166 | D:3      | Found a glowing drain.
  2175 | Sewer    | Entered a sewer
  3550 | D:3      | Found a white marble altar of Elyvilon.
  3643 | D:3      | Reached XP level 6. HP: 20/28 MP: 5/14
  4486 | D:5      | Entered Level 5 of the Dungeon
  4561 | D:5      | Noticed an orc warrior
  4664 | D:5      | Noticed a sky beast
  4670 | D:5      | Killed a sky beast
  4670 | D:5      | Reached skill level 5 in Spellcasting
  4765 | D:5      | Found a shadowy altar of Dithmenos.
  4937 | D:5      | Reached XP level 7. HP: 32/32 MP: 10/15
  4946 | D:5      | Learned a level 1 spell: Summon Small Mammal
  5386 | D:5      | Found a stormy altar of Qazlal.
  5386 | D:5      | Found an iron altar of Okawaru.
  5386 | D:5      | Noticed Menkaure
  5507 | D:5      | Killed Menkaure
  5592 | D:5      | Reached skill level 1 in Summonings
  5739 | D:5      | Reached skill level 6 in Spellcasting
  6015 | D:5      | Found an ornate altar of the Wu Jian Council.
  6851 | D:6      | Reached XP level 8. HP: 34/36 MP: 11/18
  7051 | D:6      | Reached skill level 7 in Spellcasting
  7168 | D:6      | Noticed Prince Ribbit
  7179 | D:6      | Killed Prince Ribbit
  7238 | D:6      | Learned a level 5 spell: Fireball
  7355 | D:6      | Found a radiant altar of Vehumet.
  7361 | D:6      | Became a worshipper of Vehumet
  7443 | D:6      | Found a snail-covered altar of Cheibriados.
  7679 | D:6      | Reached skill level 8 in Spellcasting
  7679 | D:6      | Reached skill level 5 in Fire Magic
  7749 | D:6      | Found Elievonga's Armour Boutique.
  7938 | D:7      | Noticed Harold
  7958 | D:7      | Killed Harold
  7958 | D:7      | Reached XP level 9. HP: 36/39 MP: 3/22
  8128 | D:7      | Reached skill level 9 in Spellcasting
  8339 | D:7      | Found an iron altar of Okawaru.
  8674 | D:7      | Found a staircase to the Ecumenical Temple.
  8706 | D:7      | Reached skill level 5 in Conjurations
  9392 | D:8      | Noticed a two-headed ogre
  9399 | D:8      | Reached XP level 10. HP: 40/44 MP: 5/24
  9673 | D:8      | Reached * piety under Vehumet
  9673 | D:8      | Offered knowledge of Sting by Vehumet.
  9673 | D:8      | Reached skill level 5 in Shields
  9691 | D:8      | Noticed Grum
  9705 | D:8      | Killed Grum
  9935 | D:8      | Killed a two-headed ogre
  9935 | D:8      | Reached skill level 10 in Spellcasting
 10192 | D:8      | Found a transporter.
 10204 | D:8      | Found a transporter.
 10747 | D:8      | Reached ** piety under Vehumet
 11006 | D:9      | Offered knowledge of Magic Dart by Vehumet.
 11055 | D:9      | Found a flagged portal.
 11229 | Bailey   | Entered a bailey
 11265 | Bailey   | Noticed an orc knight
 11269 | Bailey   | Noticed an orc knight
 11273 | Bailey   | Noticed an orc knight
 11275 | Bailey   | Noticed an orc knight
 11278 | Bailey   | Killed an orc knight
 11292 | Bailey   | Killed an orc knight
 11292 | Bailey   | Reached skill level 11 in Spellcasting
 11378 | Bailey   | Reached XP level 11. HP: 47/47 MP: 21/27
 11403 | Bailey   | Killed an orc knight
 11536 | Bailey   | Killed an orc knight
 11767 | D:9      | Reached skill level 12 in Spellcasting
 11861 | D:9      | Learned a level 5 spell: Summon Mana Viper
 11995 | D:9      | Offered knowledge of Ignite Poison by Vehumet.
 12096 | D:10     | Entered Level 10 of the Dungeon
 12096 | D:10     | Found a shattered altar of Ashenzari.
 12210 | D:10     | Reached skill level 1 in Hexes
 12303 | D:10     | Noticed a death yak
 12307 | D:10     | Reached *** piety under Vehumet
 12309 | D:10     | Noticed a death yak
 12315 | D:10     | Noticed a death yak
 12316 | D:10     | Noticed a death yak
 12317 | D:10     | Noticed a death yak
 12318 | D:10     | Killed a death yak
 12318 | D:10     | Noticed a death yak
 12321 | D:10     | Noticed a death yak
 12328 | D:10     | Killed a death yak
 12472 | D:9      | You fall through a shaft for 3 floors!
 12790 | D:12     | Offered knowledge of Fulminant Prism by Vehumet.
 12975 | D:12     | Noticed a two-headed ogre
 12986 | D:12     | Killed a two-headed ogre
 13157 | D:12     | Noticed a two-headed ogre
 13169 | D:12     | Killed a two-headed ogre
 13169 | D:12     | Reached skill level 5 in Summonings
 13281 | D:11     | Noticed a purple ugly thing
 13646 | D:11     | Found a basalt altar of Yredelemnul.
 13659 | D:11     | Reached skill level 5 in Hexes
 13758 | D:11     | Noticed a cyan ugly thing
 13759 | D:11     | Reached **** piety under Vehumet
 13765 | D:11     | Killed a cyan ugly thing
 13802 | D:11     | Reached skill level 13 in Spellcasting
 13804 | D:11     | Killed a purple ugly thing
 13953 | D:10     | Found a staircase to the Lair.
 13965 | D:10     | Offered knowledge of Venom Bolt by Vehumet.
 14472 | D:10     | Killed a death yak
 14472 | D:10     | Reached XP level 12. HP: 39/51 MP: 15/30
 14480 | D:10     | Killed a death yak
 14487 | D:10     | Killed a death yak
 14490 | D:10     | Killed a death yak
 14591 | D:10     | Found a staircase to the Orcish Mines.
 14810 | D:10     | Found a glowing golden altar of the Shining One.
 14877 | Lair:1   | Entered Level 1 of the Lair of Beasts
 15267 | Lair:1   | Reached skill level 14 in Spellcasting
 15275 | Lair:1   | Slain by a spiny frog

Vault maps used:
D:1:      lemuel_arrival_funnel
D:2:      overflow_temple_1_default
D:3:      marbit_many_paths, portal_sewer_entry_b
D:4:      first_ration
D:5:      grunt_temple_overflow_open, basic_altar, kennysheep_flooded_box,
          uniq_menkaure
D:6:      lemuel_round_altar, slow_altar_1, serial_shops, nicolae_shop_stone,
          uniq_prince_ribbit1
D:7:      minmay_temple_entry_poolview, kennysheep_okawaru_gauntlet, uniq_harold
D:8:      gammafunk_steamed_eel, uniq_grum
D:9:      enter_bailey_1
D:10:     dpeg_lair_monsters, david_orc_4, basic_altar, tso_altar
D:11:     grunt_livestock, stair_cage_line, yredelemnul_altar_generic
Sewer:    sewer_fruit_machine
Bailey:   bailey_polearm_4, bailey

Skill      XL: |  1  2  3  4  5  6  7  8  9 10 11 12 |
---------------+-------------------------------------+-----
Spellcasting   | 3 4 5 6 8 9 11 13 14 | 14.0
Conjurations   | 1 2 3 4 5 6 |  6.3
Fire Magic     | 3 4 5 6 7 |  7.4
Shields        | 1 2 4 5 |  5.0
Summonings     | 1 3 5 6 |  6.2
Hexes          | 6 |  6.6
Dodging        | |  3.0
Stealth        | |  3.0

Action                   |  1- 3 |  4- 6 |  7- 9 | 10-12 || total
-------------------------+-------+-------+-------+-------++-------
Melee: Unarmed           |     1 |       |       |       ||     1
       Whip              |    18 |    14 |    13 |       ||    45
       Dagger            |       |       |    75 |    65 ||   140
Throw: Stone             |    21 |     2 |     2 |       ||    25
 Cast: Flame Tongue      |    54 |   133 |   132 |   200 ||   519
       Throw Flame       |     3 |    28 |    89 |   128 ||   248
       Conjure Flame     |     2 |     4 |    10 |     7 ||    23
       Sticky Flame      |       |       |    20 |    60 ||    80
       Summon Small Mamm |       |       |     3 |     4 ||     7
       Fireball          |       |       |       |    28 ||    28
       Summon Mana Viper |       |       |       |     6 ||     6
Evoke: Wand              |       |       |       |     7 ||     7
  Use: Scroll            |     2 |    17 |     5 |     3 ||    27
       Potion            |       |     1 |     1 |     5 ||     7
 Stab: Sleeping          |       |       |     1 |       ||     1
       Invisible         |       |       |     1 |       ||     1
  Eat: Ration            |       |     1 |     4 |     6 ||    11
Armor: Robe              |    13 |     3 |     6 |    20 ||    42
Dodge: Dodged            |    57 |    37 |    63 |   108 ||   265
Block: Buckler           |     7 |    21 |    50 |    68 ||   146

Table legend:
 A = Non-vault XP
 B = Vault XP
 C = Vault XP percentage of total XP
 D = Non-vault monster count
 E = Vault monster count
 F = Vault count percentage of total count
 G = Total turns spent on level
                 A         B        C        D         E       F
            +---------+---------+-------+---------+---------+-------
      Total |   14887 |   10833 |  42.1 |     239 |      85 |  26.2
            +---------+---------+-------+---------+---------+-------
        D:1 |      39 |       0 |   0.0 |      16 |       0 |   0.0
        D:2 |      59 |       0 |   0.0 |      17 |       0 |   0.0
        D:3 |     242 |      13 |   5.1 |      22 |       6 |  21.4
        D:4 |     136 |       0 |   0.0 |      14 |       0 |   0.0
        D:5 |     604 |     170 |  22.0 |      21 |       2 |   8.7
        D:6 |     813 |     301 |  27.0 |      25 |       2 |   7.4
        D:7 |    1695 |    1080 |  38.9 |      27 |       4 |  12.9
        D:8 |    2925 |     434 |  12.9 |      32 |       3 |   8.6
        D:9 |    1085 |       0 |   0.0 |      15 |       0 |   0.0
       D:10 |     897 |    5227 |  85.4 |       7 |      24 |  77.4
       D:11 |    2081 |       0 |   0.0 |      23 |       0 |   0.0
       D:12 |    2560 |       3 |   0.1 |      11 |       1 |   8.3
     Lair:1 |    1751 |       0 |   0.0 |       9 |       0 |   0.0
      Sewer |       0 |      86 | 100.0 |       0 |      25 | 100.0
     Bailey |       0 |    3519 | 100.0 |       0 |      18 | 100.0
            +---------+---------+-------+---------+---------+-------
